 Dungeon Crawl Stone Soup version 0.30.0-10-gfe55d96785 (webtiles) character file.

Game seed: 2773341693961912285

6895 hawla the Arsonist (level 11, 0/82 HPs)
             Began as a Meteoran Fire Elementalist on May 14, 2023.
             Was a Follower of Vehumet.
             Slain by a yak (15 damage)
             ... on level 10 of the Dungeon.
             The game lasted 00:17:08 (4180 turns).

hawla the Arsonist (Meteoran Fire Elementalist)     Turns: 4180, Time: 00:17:09

Health: 0/82       AC:  6    Str: 12    XL:     11   Next: 51%
Magic:  11/25      EV: 15    Int: 27    God:    Vehumet [*.....]
Gold:   255        SH:  0    Dex: 17    Spells: 18/28 levels left

rFire   . . .        i - +5 dagger "Lanoc" {venom, rC+ Str+2 SInv}
rCold   + . .        (no shield)
rNeg    . . .        a - +0 robe
rPois   .            u - +1 hat {Stlth+}
rElec   .            (no cloak)
rCorr   .            h - +2 pair of gloves
SInv    +            (no boots)
Will    +....        (no amulet)
Stlth   ++           c - +6 ring of intelligence
HPRegen 0.33/turn    (no ring)
MPRegen 0.19/turn

%: clarity
@: glowing
A: sense surroundings 2, otherworldly, glowing, explore regen, thin skeletal
structure 1, clarity, evolution 2
a: Renounce Religion


You were on level 10 of the Dungeon.
You worshipped Vehumet.
Vehumet was aware of your devotion.
You visited 2 branches of the dungeon, and saw 11 of its levels.
You also visited: Sewer.

You collected 255 gold pieces.

Inventory:

Hand Weapons
 i - the +5 dagger "Lanoc" (weapon) {venom, rC+ Str+2 SInv}
   (You took it off a goblin on level 4 of the Dungeon)

   Str:       It affects your strength (+2).
   rC:        It protects you from cold.
   SInv:      It lets you see invisible.
 y - a +2 scimitar of flaming
Armour
 a - a +0 robe (worn)
 h - a +2 pair of gloves (worn)
 u - a +1 hat of stealth (worn)
Jewellery
 c - a +6 ring of intelligence (left hand)
Wands
 f - a wand of flame (12) (quivered)
 x - a wand of digging (8)
 z - a wand of paralysis (9)
Scrolls
 d - 2 scrolls of teleportation
 n - a scroll of magic mapping
Potions
 b - a potion of invisibility
 e - a potion of flight
 j - a potion of heal wounds
 k - a potion of degeneration {unknown}
 l - 2 potions of lignification {unknown}
 m - 4 potions of mutation
 o - a potion of resistance {unknown}
 q - 2 potions of might {unknown}
 r - a potion of magic
 t - a potion of cancellation {unknown}


   Skills:
 + Level 3.3 Fighting
 * Level 8.5 Short Blades
 + Level 6.5 Dodging
 + Level 1.8 Stealth
 + Level 9.4 Spellcasting
 + Level 8.7 Conjurations
 + Level 9.5 Fire Magic
 + Level 2.4 Earth Magic
 + Level 3.0 Evocations


You had 18 spell levels left.
You knew the following spells:

 Your Spells              Type           Power      Damage    Failure   Level
a - Foxfire               Conj/Fire      100%       2x1d9     1%          1
b - Scorch                Fire           100%       2d9       1%          2
c - Flame Wave            Conj/Fire      58%        2d14      1%          4
d - Stone Arrow           Conj/Erth      84%        3d12      1%          3

Your spell library contained the following spells:

 Spells                   Type           Power      Damage    Failure   Level
 Shock                    Conj/Air       100%       1d9       1%          1
 Sandblast                Erth           50%        2d12      1%          1
 Inner Flame              Hex/Fire       38%        N/A       1%          3
 Volatile Blastmotes      Fire/Tloc      76%        2d16      1%          3
 Passwall                 Tmut/Erth      15%        N/A       4%          2
 Ensorcelled Hibernation  Hex/Ice        24%        N/A       7%          2
 Ozocubu's Armour         Ice            12%        N/A       14%         3
 Spider Form              Tmut/Pois      12%        N/A       14%         3
 Anguish                  Hex/Necr       6%         N/A       41%         4
 Ozocubu's Refrigeration  Ice            6%         4d8       100%        7


Dungeon Overview and Level Annotations

Branches:
Dungeon (10/15) Zot: 2450  Temple (1/1) D:6 Zot: 475    Lair (0/5) D:10
  Sewer (visited)
    Orc: D:9-12

Altars:
Ashenzari
Cheibriados
Dithmenos
Elyvilon
Fedhas
Gozag
Hepliaklqana
Kikubaaqudgha
Nemelex Xobeh
Okawaru
Qazlal
Ru
Sif Muna
Vehumet
Wu Jian
Xom
Zin
The Shining One

Shops:
D:1 :   D:4 [


Innate Abilities, Weirdness & Mutations

You passively map the area around you.
You are easily found by Zot.
You glow in the dark.
You regain HP and MP as you explore.
You have a somewhat thin skeletal structure. (Dex +2, Stealth+)
You possess an exceptional clarity of mind.
You have great hidden genetic potential.


Message History

You kill the yak!
Vehumet accepts your kill.
The foxfire hits the yak.
The yak is lightly wounded.
The foxfire hits the yak.
The yak is moderately wounded.
Casting: Scorch (safe; 1% risk of failure)
Confirm with . or Enter, or press ? or * to list all spells.
You conjure some foxfire!
The yak completely misses you.
A yak comes into view.
Casting: Foxfire (safe; 1% risk of failure)
Confirm with . or Enter, or press ? or * to list all spells.
Flames lash the yak but do no damage.
The foxfire hits the yak!
The yak is heavily wounded.
The foxfire hits the yak.
The yak is heavily wounded.
The yak gores you!
You are too injured to fight recklessly!
You are too injured to fight recklessly!
The yak closely misses you. The yak attacks as you move away!
The yak barely misses you. The yak attacks as you move away! The yak gores you.
The yak attacks as you move away! The yak gores you!
* * * LOW HITPOINT WARNING * * *
Casting: Scorch (safe; 1% risk of failure)
Confirm with . or Enter, or press ? or * to list all spells.
Casting: Flame Wave (mildly dangerous; 1% risk of failure)
Press: ? - help, Dir - look around, f - activate A wave of flame ripples out!
The flame wave engulfs the yak!!
You kill the yak!
Vehumet accepts your kill.
The flame wave engulfs the yak!
The yak is moderately wounded. (Press . to intensify the flame waves.)
The yak gores you.
* * * LOW HITPOINT WARNING * * *
A wave of flame ripples out!
The flame wave engulfs the yak!
The yak is severely wounded.
The yak gores you!
You die...

, *#####.....+, , * *
#.........# ,, * 8
,#.........# ,, * , * +
,, , #.......Y.# ,,8
#........##, , * * ,,
##........# ,+ , , , *
##.........# , * *
##........†Y#####..
##'###......@.......,,,
#....#...........### *,
,#..).#..########.#,, *
* * #..))#..# # ,
#....#..#, ,, , , , #
#....#..#, , , ,,,
#..#....#, * , , , ,
#..'....#, ,* *
#..#....# ,,, , , **


You could see 2 yaks.

Vanquished Creatures
  Gastronok (D:8)
  Erica (D:8)
  Maggie (D:8)
  A hornet (D:8)
  A wraith (D:10)
  10 yaks
  A steam dragon (D:8)
  Menkaure (D:6)
  A water moccasin (D:3)
  3 orc warriors (D:10)
  2 sky beasts (D:6)
  2 black bears
  An ice beast (D:6)
  A centaur (D:5)
  3 ogres
  2 kobold brigands (Sewer)
  A bullfrog (D:4)
  A gnoll sergeant (D:6)
  A scorpion (D:6)
  6 wights
  3 killer bees (D:10)
  4 howler monkeys
  3 hounds
  4 jellies
  2 gnoll boudas
  An iguana (D:6)
  3 orc wizards
  2 river rats (Sewer)
  15 adders
  16 gnolls
  2 shadow imps (D:6)
  3 ufetubi (D:5)
  A dart slug (D:4)
  31 orcs
  3 endoplasms
  A giant cockroach (D:4)
  A hobgoblin (D:4)
  4 jackals (Sewer)
  3 kobolds
  3 quokkas
  7 ball pythons
  2 bats (D:1)
  3 frilled lizards (Sewer)
  4 goblins
  7 rats
169 creatures vanquished.

Vanquished Creatures (others)
  205 foxfires
205 creatures vanquished.

Grand Total: 374 creatures vanquished

Notes
Turn   | Place    | Note
-------+----------+-------------------------------------------
     0 | D:1      | hawla the Meteoran Fire Elementalist began the quest for
                  | the Orb.
     0 | D:1      | Reached XP level 1. HP: 14/14 MP: 5/5
     1 | D:1      | Found Vageit's Vocational Training.
    24 | D:1      | Reached XP level 2. HP: 20/20 MP: 4/6
    27 | D:1      | Learned a level 2 spell: Scorch
   285 | D:3      | Reached XP level 3. HP: 26/26 MP: 3/8
   334 | D:3      | Noticed a water moccasin
   339 | D:3      | Killed a water moccasin
   340 | D:3      | Reached skill level 5 in Fire Magic
   340 | D:3      | Reached XP level 4. HP: 22/33 MP: 2/10
   340 | D:3      | Reached XP level 5. HP: 25/38 MP: 2/11
   345 | D:3      | Learned a level 4 spell: Flame Wave
   410 | D:4      | Reached XP level 6. HP: 45/45 MP: 1/12
   582 | D:4      | Identified the +5 dagger "Lanoc" {venom, rC+ Str+2 SInv}
   633 | D:4      | Reached skill level 5 in Conjurations
   748 | D:4      | Reached XP level 7. HP: 49/50 MP: 9/13
   784 | D:4      | Found Indra's Dragon-Slaying Spoils.
   921 | D:5      | Entered Level 5 of the Dungeon
  1087 | D:5      | Reached skill level 1 in Short Blades
  1141 | D:5      | Found a broken altar of Ashenzari.
  1175 | D:5      | Reached XP level 8. HP: 51/57 MP: 8/14
  1188 | D:5      | You fall into a shaft and drop 1 floor!
  1196 | D:6      | Noticed Menkaure
  1201 | D:6      | Killed Menkaure
  1202 | D:6      | Reached skill level 5 in Short Blades
  1205 | D:6      | Reached skill level 1 in Evocations
  1263 | D:6      | Gained mutation: You passively map the area around you.
                  | [Meteoran growth]
  1263 | D:6      | Reached XP level 9. HP: 63/63 MP: 17/17
  1344 | D:6      | Reached skill level 5 in Spellcasting
  1464 | D:6      | Found a glowing drain.
  1476 | Sewer    | Entered a sewer
  1527 | Sewer    | Reached skill level 1 in Fighting
  1899 | Sewer    | Glimpsed the power of Zot.
  1943 | Sewer    | Glimpsed the power of Zot.
  1972 | Sewer    | Glimpsed the power of Zot.
  2175 | D:5      | Identified the +2 arbalest "Athruis" {elec, rC+ Will+
                  | rCorr}
  2420 | D:6      | Learned a level 3 spell: Stone Arrow
  2469 | D:6      | Found a staircase to the Ecumenical Temple.
  2478 | Temple   | Entered the Ecumenical Temple
  2590 | Temple   | Became a worshipper of Vehumet
  2925 | D:8      | Noticed Gastronok
  2943 | D:8      | Killed Gastronok
  2944 | D:8      | Reached skill level 5 in Dodging
  2944 | D:8      | Reached XP level 10. HP: 37/74 MP: 0/21
  2999 | D:8      | Found a glowing golden altar of the Shining One.
  3152 | D:8      | Noticed Maggie
  3172 | D:8      | Killed Maggie
  3335 | D:8      | Reached skill level 1 in Earth Magic
  3389 | D:8      | Noticed Erica
  3399 | D:8      | Killed Erica
  3463 | D:8      | Reached XP level 11. HP: 61/82 MP: 5/23
  3469 | D:8      | Reached * piety under Vehumet
  3469 | D:8      | Offered knowledge of Shock by Vehumet.
  4021 | D:9      | Noticed a cyclops
  4043 | D:10     | Entered Level 10 of the Dungeon
  4072 | D:10     | HP: 3/82 [orc warrior/bolt (15)]
  4074 | D:10     | HP: 1/82 [orc warrior/+0 glaive (10)]
  4076 | D:10     | Gained mutation: You possess an exceptional clarity of
                  | mind. [potion of mutation]
  4076 | D:10     | Gained mutation: You have hidden genetic potential. [potion
                  | of mutation]
  4076 | D:10     | Gained mutation: You have a somewhat thin skeletal
                  | structure. (Dex +2, Stealth+) [potion of mutation]
  4076 | D:10     | Gained mutation: You have great hidden genetic potential.
                  | [potion of mutation]
  4180 | D:10     | Slain by a yak

Illustrated notes

Levels and vault maps discovered:
D:1:      dpeg_arrival_rhombus, layout_basic, nicolae_shop_vocational
D:2:      layout_loops_corners, uniq_jessica
D:3:      layout_basic, grunt_temple_overflow_diamond, serial_glass,
          glass_columns_a, glass_columns_a, chequers_garden, minmay_ruptured,
          uniq_grinder, uniq_terence
D:4:      layout_cave_pools, abandoned_shop, minmay_misc_feat_more_columns,
          nicolae_shop_dragon_depot
D:5:      layout_basic, cheibrodos_ashenzari_chains, serial_bayou,
          serial_bayou_lagoon_a, serial_bayou_pond_a, serial_bayou_ford_a,
          serial_bayou_pond_d, serial_bayou_pond_a, serial_bayou_pond_c
D:6:      layout_loops_cross, minmay_temple_entry_wispy, portal_sewer_entry_a,
          uniq_menkaure
D:7:      layout_basic, uniq_crazy_yiuf_cottage
D:8:      layout_loops_corners, mainiacjoe_overflow_concentric_impassable,
          solitary_fountain, uniq_erica, uniq_maggie, uniq_gastronok
D:9:      layout_basic
D:10:     minmay_shrinking_squares, layout_irregular_city, marbit_many_paths,
          lair_entry_dummy, david_orc_4, nicolae_trove_entry_path_of_doom
Temple:   nicolae_temple_superstar

Skill      XL: |  1  2  3  4  5  6  7  8  9 10 11 |
---------------+----------------------------------+-----
Fire Magic     | 4 5 6 7 8 9 |  9.5
Spellcasting   | 3 4 6 7 9 |  9.4
Dodging        | 3 5 6 |  6.5
Conjurations   | 2 5 6 7 8 |  8.7
Short Blades   | 4 5 7 8 |  8.5
Evocations     | 2 3 |  3.0
Fighting       | 2 3 |  3.3
Earth Magic    | 1 2 |  2.4
Stealth        | |  1.8

Action                     |  1- 3 |  4- 6 |  7- 9 | 10-12 || total
---------------------------+-------+-------+-------+-------++-------
  Melee: Unarmed           |     2 |    10 |       |       ||    12
         Dagger            |       |    19 |   125 |    45 ||   189
         Punch             |       |       |     1 |       ||     1
   Cast: Foxfire           |    10 |    44 |    42 |    25 ||   121
         Scorch            |     6 |     9 |    20 |    30 ||    65
         Flame Wave        |       |       |     8 |    14 ||    22
         Stone Arrow       |       |       |     5 |    19 ||    24
    Use: Scroll            |     1 |       |     6 |     6 ||    13
         Potion            |       |       |     1 |     4 ||     5
   Stab: Sleeping          |       |       |       |     1 ||     1
 Armour: Robe              |     1 |     4 |    46 |     5 ||    56
  Dodge: Dodged            |     4 |    15 |    87 |    37 ||   143
